 Dungeon Crawl Stone Soup version 0.30-a0-1160-g6e42c06551 (webtiles) character file.

Game seed: 4315723488221936522

62 holysushi the Cutter (level 4, 0/31 HPs)
             Began as an Octopode Monk on Apr 26, 2023.
             Killed by nerve-wracking pain
             ... invoked by Grinder
              (10 damage)
             ... on level 3 of the Dungeon.
             The game lasted 00:01:08 (1275 turns).

holysushi the Cutter (Octopode Monk)                Turns: 1275, Time: 00:01:09

Health: 0/31       AC:  1    Str: 10    XL:     4   Next: 8%
Magic:  4/4        EV: 14    Int: 12    God:
Gold:   110        SH:  0    Dex: 16    Spells: 3/3 levels left

rFire   . . .        a - +0 short sword
rCold   . . .        c - orb {light}
rNeg    . . .        (helmet restricted)
rPois   .            (no amulet)
rElec   .            (no ring)
rCorr   .            (no ring)
SInv    .            (no ring)
Will    .....        (no ring)
Stlth   +            (no ring)
HPRegen 0.25/turn    (no ring)
MPRegen 0.09/turn    (no ring)
                     (no ring)

%: no passive effects
@: hasted, glowing, very quick
A: almost no armour, amphibious, 8 rings, camouflage 1, gelatinous body 1,
(nimble swimmer 1), tentacles
a: no special abilities


You were on level 3 of the Dungeon.
You visited 1 branch of the dungeon, and saw 3 of its levels.

You collected 110 gold pieces.

Inventory:

Hand Weapons
 a - a +0 short sword (weapon)
Armour
 c - an orb of light (worn)
Scrolls
 d - a scroll of teleportation {unknown}
 h - 2 scrolls of vulnerability {unknown}
 j - a scroll of blinking {unknown}
 n - a scroll of enchant weapon {unknown}
 o - a scroll of poison {unknown}
 p - 4 scrolls of fog {unknown}
Potions
 b - a potion of ambrosia
 f - 2 potions of heal wounds {unknown}
 g - a potion of brilliance {unknown}
 i - a potion of attraction {unknown}
 k - a potion of invisibility {unknown}
 l - a potion of lignification {unknown}
 m - a potion of might {unknown}
 q - a potion of flight {unknown}


   Skills:
 - Level 3.0 Fighting
 + Level 4.7 Short Blades
 - Level 3.0 Dodging


You had 3 spell levels left.
You didn't know any spells.
Your spell library was empty.

Dungeon Overview and Level Annotations

Branches:
Dungeon (3/15) Zot: 16738

Altars:

Annotations:
D:3 Grinder


Innate Abilities, Weirdness & Mutations

You cannot wear most types of armour.
You are amphibious.
You can wear up to eight rings at the same time.
Your skin changes colour to match your surroundings (Stealth+).
Your rubbery body absorbs attacks. (AC +1, EV +1)
((You are camouflaged when in or above water. (Stealth+)))
You have tentacles for arms and can constrict up to eight enemies at once.


Message History

The endoplasm quivers.
An endoplasm is nearby!
Found a stone staircase leading down.
An endoplasm is nearby!
The endoplasm freezes you.
You are frozen.
You hit the endoplasm.
The endoplasm is heavily wounded.
The endoplasm misses you.
You hit the endoplasm. You squeeze the endoplasm.
You kill the endoplasm!
No target in view!
HP restored.
Found a long sword.
No target in view!
A bat comes into view.
A bat is nearby!
A bat is nearby!
A bat is nearby!
Grinder comes into view.
Grinder shouts!
There are monsters nearby!
You hit the bat.
You kill the bat!
An endoplasm comes into view.
Grinder hits you.
You writhe in agony.
Grinder misses you.
You barely miss Grinder.
The endoplasm quivers.
You grab Grinder. You constrict Grinder.
Grinder says, "At least Makhleb appreciates what I'm doing."
Grinder hits you.
You writhe in agony.
Okay, then.
It was a potion of haste.
You feel yourself speed up.
You constrict Grinder.
The endoplasm jiggles.
The endoplasm freezes you.
You are frozen.
Grinder gestures at you. Pain shoots through your body!
You die...

.........#
.........#
.........#
.........#
.........##########
.........##........
.........##.########
.......@....>.......
####..J5###..#######
#......# #.......)#
#...#### #...####.#
#... #...####.# #..
#........# #.
##..########## #.
#.........##<#
#...#####.##.#


You could see Grinder and an endoplasm.

Vanquished Creatures
  2 adders (D:2)
  2 dart slugs (D:1)
  3 bats
  2 endoplasms
  6 goblins
  4 hobgoblins
  2 jackals (D:1)
  4 kobolds
  A quokka (D:2)
  2 ball pythons (D:2)
  6 frilled lizards
  5 rats
39 creatures vanquished.

Notes
Turn   | Place    | Note
-------+----------+-------------------------------------------
     0 | D:1      | holysushi the Octopode Monk began the quest for the Orb.
     0 | D:1      | Reached XP level 1. HP: 16/16 MP: 1/1
   211 | D:1      | Reached XP level 2. HP: 21/21 MP: 2/2
   622 | D:2      | Reached skill level 4 in Short Blades
   622 | D:2      | Reached XP level 3. HP: 23/26 MP: 3/3
  1064 | D:2      | Reached XP level 4. HP: 31/31 MP: 4/4
  1270 | D:3      | Noticed Grinder
  1275 | D:3      | Killed from afar by Grinder

Illustrated notes

Levels and vault maps discovered:
D:1:      lightli_arrival_boilingwater, layout_loops_ring, minmay_3d_cube
D:2:      layout_basic
D:3:      layout_basic, hellmonk_ghost_happy_afterlife,
          shapermc_ecumenical_altar_hornbeckon, uniq_grinder

Skill      XL: |  1  2 |
---------------+-------+-----
Short Blades   | 4 |  4.7
Fighting       | |  3.0
Dodging        | |  3.0

Action                     |  1- 3 |  4- 6 || total
---------------------------+-------+-------++-------
  Melee: Short sword       |    64 |     7 ||    71
         Constrict         |    19 |     2 ||    21
         Tentacles         |    15 |     1 ||    16
         Punch             |     1 |       ||     1
    Use: Potion            |       |     1 ||     1
   Stab: Sleeping          |     2 |       ||     2
 Armour: Skin              |     4 |       ||     4
  Dodge: Dodged            |    35 |     2 ||    37

Table legend: (Time is in decaauts)
 A = Elapsed time spent in this place.
 B = Non-inter-level travel time spent in this place.
 C = Inter-level travel time spent in this place.
 D = Time resting spent in this place.
 E = Time spent auto-exploring this place.
 F = Levels seen in this place.
 G = Mean time per level.
                   A        B        C        D        E       F      G
               +--------+--------+--------+--------+--------+-----+--------+
         Total |   1260 |   1169 |     91 |      0 |    939 |   3 |  420.0 |
       Dungeon |   1260 |   1169 |     91 |      0 |    939 |   3 |  420.0 |
               +--------+--------+--------+--------+--------+-----+--------+

Top non-repeatable levels by time:
     D:2: 621 daAuts
     D:1: 565 daAuts
     D:3: 74 daAuts
